 Dungeon Crawl Stone Soup version 0.27.1-1-g398f81649c (webtiles) character file.

Game seed: 8205505930785421438

75 Kala the Covered (level 4, -7/42 HPs)
             Began as a Deep Dwarf Fighter on Sept 6, 2021.
             Killed by divine providence
             ... invoked by an orc priest
              (10 damage)
             ... on level 3 of the Dungeon.
             The game lasted 00:05:10 (1262 turns).

Kala the Covered (Deep Dwarf Fighter)               Turns: 1262, Time: 00:05:11

Health: -7/42      AC:  7    Str: 19    XL:     4   Next: 11%
Magic:  4/4        EV:  7    Int: 10    God:
Gold:   118        SH:  9    Dex: 12    Spells: 0/3 levels left

rFire    . . .     SeeInvis .   a - +0 war axe
rCold    . . .     Faith    .   c - +0 kite shield
rNeg     . . .     Spirit   .   b - +0 scale mail
rPois    .         Reflect  .   (no helmet)
rElec    .         Harm     .   (no cloak)
rCorr    .         Rampage  .   (no gloves)
Will     .....                  (no boots)
Stlth    ..........             (no amulet)
HPRegen  0.00/turn              (no ring)
MPRegen  0.09/turn              (no ring)

@: no status effects
A: damage resistance, heal wounds, sense surroundings 1, no regeneration
a: Heal Wounds


You were on level 3 of the Dungeon.
You visited 1 branch of the dungeon, and saw 3 of its levels.

You collected 118 gold pieces.

Inventory:

Hand Weapons
 a - a +0 war axe (weapon)
Missiles
 f - a throwing net
Armour
 b - a +0 scale mail (worn)
 c - a +0 kite shield (worn)
Scrolls
 e - 3 scrolls of identify {unknown}
Potions
 d - a potion of might
 g - a potion of attraction {unknown}
 h - a potion of heal wounds {unknown}
 i - a potion of degeneration {unknown}


   Skills:
 - Level 3.0 Fighting
 - Level 2.7 Axes
 - Level 3.8 Armour
 - Level 0.4 Dodging
 - Level 3.7 Shields
 * Level 2.1 Necromancy


You couldn't memorise any spells.
You knew the following spells:

 Your Spells              Type           Power      Damage    Failure   Level
a - Vampiric Draining     Necr           2%         2d6       99%         3

Your spell library contained the following spells:

 Spells                   Type           Power      Damage    Failure   Level
 Slow                     Hex            0%         N/A       100%        2
 Confusing Touch          Hex            0%         N/A       100%        3


Dungeon Overview and Level Annotations

Branches:
Dungeon (3/15)

Altars:


Innate Abilities, Weirdness & Mutations

You are resistant to damage.
You can heal yourself by infusing magical energy.
You passively map a small area around you.
You do not regenerate.


Message History

You hit the dart slug.
The dart slug is heavily wounded.
You block the dart slug's attack.
You hit the dart slug but do no damage.
The dart slug is heavily wounded.
The dart slug bites you.
* * * LOW HITPOINT WARNING * * *
The rat barely misses you.
You hit the dart slug.
The dart slug is severely wounded.
You hit the rat.
You kill the rat!
You block the dart slug's attack.
You slash the dart slug!
You kill the dart slug!
You now have 118 gold pieces (gained 5).
You see here a dart slug corpse.
An endoplasm comes into view.
Found an inky potion.
The endoplasm quivers.
The orc priest shouts!
You hear a shout! x2
You slash the endoplasm!
You kill the endoplasm!
You barely miss the orc priest. You block the orc priest's attack.
The orc priest hits you with a +0 flail.
* * * LOW HITPOINT WARNING * * *
You slash the orc priest!
The orc priest is heavily wounded.
The orc priest invokes the aid of Beogh against you.
You struggle to resist.
The orc priest hits you with a +0 flail.
* * * LOW HITPOINT WARNING * * *
You hit the orc priest.
The orc priest is severely wounded.
You block the orc priest's attack.
You hit the orc priest but do no damage.
The orc priest is severely wounded.
The orc priest calls down the wrath of Beogh upon you.
Beogh smites you!
You die...

P..P..# #.# , , ......#
#.# . * .P.P..# #.# *,...
,, * #_##### *##.###.#o#
* * .....P# ...... ..
......# *###..# * .#
P..)..####....# .#
P.....##......####.######
P..PP#.#.#.#..##@oo.....#
.P..P#...#.#.†...........
*
.....###.#.#..##.##......
, P..##.##.#.#.....#
..### .PP# ###.#.##.##.#
## * , ###.., .......##.#
, ### #....####.# * * ,*
###., #!. . ...


You could see an orc priest and an orc.

Vanquished Creatures
  2 adders (D:3)
  3 dart slugs
  An orc (D:3)
  6 endoplasms
  A giant cockroach (D:1)
  7 goblins
  4 hobgoblins (D:2)
  5 kobolds
  3 quokkas
  2 ball pythons (D:2)
  4 bats
  A frilled lizard (D:1)
  5 rats
44 creatures vanquished.

Vanquished Creatures (others)
  4 demonic plants (D:3)
  4 withered plants (D:3)
8 creatures vanquished.

Grand Total: 52 creatures vanquished

Notes
Turn   | Place    | Note
-------+----------+-------------------------------------------
     0 | D:1      | Kala the Deep Dwarf Fighter began the quest for the Orb.
     0 | D:1      | Reached XP level 1. HP: 20/20 MP: 1/1
   248 | D:1      | Reached XP level 2. HP: 24/27 MP: 2/2
   685 | D:2      | Reached XP level 3. HP: 12/33 MP: 3/3
   846 | D:2      | Reached skill level 1 in Necromancy
  1192 | D:3      | Found a faded altar of an unknown god.
  1207 | D:3      | Reached XP level 4. HP: 11/42 MP: 4/4
  1239 | D:3      | Learned a level 3 spell: Vampiric Draining
  1262 | D:3      | Killed from afar by an orc priest

Illustrated notes

Levels and vault maps discovered:
D:1:      saegor_arrival_simple_e, layout_basic, minmay_misc_feat_encased,
          minmay_octomino_j4
D:2:      layout_basic
D:3:      cheibrodos_pilgrimage, layout_loops_ring,
          mainiacjoe_overflow_concentric_impassable,
          shapermc_ecumenical_altar_gd, dk_noncrumbling_4,
          serial_park_tiny_pond, minmay_fractal_squares_5

Skill      XL: |  1  2  3  4 |
---------------+-------------+-----
Necromancy     | 1 2 |  2.1
Fighting       | 3 |  3.0
Axes           | |  2.7
Armour         | |  3.8
Dodging        | |  0.4
Shields        | |  3.7

Action                   |  1- 3 |  4- 6 || total
-------------------------+-------+-------++-------
Melee: War axe           |   110 |    12 ||   122
Armor: Scale mail        |    51 |     1 ||    52
Dodge: Dodged            |    33 |     1 ||    34
Block: Kite shield       |    61 |     5 ||    66
